 Seeded DCSS version 0.31-a0-620-gd1cbd99268 (webtiles) character file.

Game seed: 15205688616186142810 (custom seed)

9488 Mickster the Severer (level 11, 0/97 HPs)
             Began as a Hill Orc Berserker on Aug 23, 2023.
             Was a Priest of Trog.
             Slain by a manticore (3 damage)
             ... on level 9 of the Dungeon.
             The game lasted 00:52:27 (8914 turns).

Mickster the Severer (Hill Orc Berserker)           Turns: 8914, Time: 00:52:28

Health: 0/97       AC: 17    Str: 25    XL:     11   Next: 47%
Magic:  0/11       EV:  8    Int:  7    God:    Trog [***...]
Gold:   358        SH:  0    Dex: 10    Spells: 10/10 levels left

rFire   + . .        g - +4 war axe (elec)
rCold   . . .        (no shield)
rNeg    . . .        A - +0 plate armour
rPois   .            r - +1 hat
rElec   .            y - +1 cloak
rCorr   .            (no gloves)
SInv    .            (no boots)
Will    .....        F - amulet of guardian spirit Stlth
                     j - ring of protection from fire
HPRegen 0.36/turn    (no ring)
MPRegen 0.12/turn

%: guardian spirit
@: spiked, on berserk cooldown, slowed, very slow
A: no striking features
a: Renounce Religion, Berserk, Trog's Hand


You were on level 9 of the Dungeon.
You worshipped Trog.
Trog was most pleased with you.
You visited 1 branch of the dungeon, and saw 9 of its levels.

You collected 358 gold pieces.

Inventory:

Hand Weapons
 a - a +0 hand axe
 c - a +0 dagger of protection
 g - a +4 war axe of electrocution (weapon)
 u - a +4 morningstar
 v - a +4 dire flail
 x - a +2 quarterstaff of chaos
 z - a +0 hammer of draining
 E - a +2 broad axe of flaming
 G - a +4 morningstar
 H - a +3 spear
Missiles
 e - 62 stones
 m - 6 javelins (quivered)
 B - 2 curare-tipped darts
 L - 14 poisoned darts
Armour
 r - a +1 hat (worn)
 y - a +1 cloak (worn)
 A - a +0 plate armour (worn)
 P - a +0 pair of gloves
Jewellery
 j - a ring of protection from fire (left hand)
 F - an amulet of guardian spirit (around neck)
Talismans
 b - a maw talisman
Wands
 D - a wand of digging (11)
 K - a wand of iceblast (16)
Scrolls
 d - 3 scrolls of fear
 f - a scroll of teleportation
 h - 2 scrolls of blinking
 l - 2 scrolls of revelation
 q - a scroll of enchant weapon {unknown}
 s - 6 scrolls of fog
 M - a scroll of poison {unknown}
 Q - a scroll of identify
Potions
 i - 2 potions of berserk rage {unknown}
 k - 2 potions of curing
 n - a potion of magic {unknown}
 o - 2 potions of haste {unknown}
 p - a potion of cancellation {unknown}
 t - a potion of brilliance {unknown}
 w - a potion of invisibility {unknown}
 C - 2 potions of degeneration {unknown}
 I - a potion of attraction {unknown}
 N - a potion of lignification {unknown}
Miscellaneous
 J - a box of beasts
 O - a phantom mirror


   Skills:
 + Level 9.1 Fighting
 * Level 17.0 Axes
 + Level 8.8 Armour
 + Level 2.0 Dodging
 + Level 0.8 Stealth
 * Level 4.2 Shapeshifting


You had 10 spell levels left.
You didn't know any spells.
Your spell library was empty.

Dungeon Overview and Level Annotations

Branches:
Dungeon (9/15)             Temple (0/1) D:6
   Lair: D:8-11         Orc: D:9-12

Altars:
Dithmenos
Elyvilon
Gozag
Hepliaklqana
Trog
Xom
Yredelemnul

Shops:
D:3 (   D:9 (:

Portals:
Ossuary: D:4


Message History

You throw a javelin.
The javelin barely misses the manticore.
The manticore flicks its tail.
The volley of spikes hits you!
The barbed spikes become lodged in your body.
* * * LOW HITPOINT WARNING * * *
The manticore flicks its tail.
The volley of spikes misses you.
Throw: 7 javelins
Press: ? - help, Q - select action, (/) - cycle Shift-Dir - straight line, f/p - manticore
Aim: a manticore (69% to hit)
You throw a javelin.
The javelin pierces through the manticore but does no damage.
The manticore bites you.
* * * LOW HITPOINT WARNING * * *
The manticore barely misses you.
The manticore claws you but does no damage.
The manticore completely misses you.
The manticore claws you but does no damage.
The manticore barely misses you.
You hit the manticore but do no damage. The manticore closely misses you. x2
The manticore claws you!
* * * LOW HITPOINT WARNING * * *
You closely miss the manticore.
The manticore bites you but does no damage.
The manticore claws you.
* * * LOW HITPOINT WARNING * * *
The manticore claws you but does no damage.
You slash the manticore!
The manticore is moderately wounded.
The manticore bites you.
* * * LOW HITPOINT WARNING * * *
The manticore claws you but does no damage.
The manticore closely misses you.
You slice the manticore!!
The manticore is almost dead.
The manticore bites you.
* * * LOW HITPOINT WARNING * * *
The manticore claws you.
You die...

#..o.....#.
#######'########.
.................
....####..####... ..
##..#..# #...
####.##..# ####
######.[##..# #
#######..).##..# #
##...†@H(# #..# #
##♣.######.)..##..# #
##♣....#######..##..#
### ##♣....♣#..#
####.##..#######
###♣....P..#....#
##..#........#
#.....P♣.)♣# .#.#
##..#####.#
###♣....P..# #. .#
#..# #.# ##♣....♣# ..
. #..# #.# ##♣...# #.
###..# #.#


You could see a manticore.

Vanquished Creatures
  2 centaur warriors (D:9)
  A boulder beetle (D:9)
  A skeletal warrior (D:8)
  Pikel (D:4)
  2 cyclopes
  An ugly thing (D:9)
  A manticore (D:8)
  A gargoyle (D:8)
  A freezing wraith (D:9)
  A tengu conjurer (D:9)
  A troll (D:8)
  A polar bear (shapeshifter) (D:9)
  A slime creature (D:8)
  A shadow (D:8)
  6 yaks
  A water moccasin (D:7)
  Duvessa (D:4)
  An orc warrior (D:6)
  2 ice beasts
  An ogre (D:5)
  A black bear (D:6)
  3 lemures (D:4)
  A phantom (D:5)
  3 kobold brigands
  A gnoll sergeant (D:6)
  A bullfrog (D:8)
  8 scorpions
  8 wights
  Dowan (D:4)
  Crazy Yiuf (D:4)
  A gnoll bouda (D:6)
  5 orc priests
  3 hounds
  A jelly (D:7)
  4 sleepcaps
  3 orc wizards
  4 iguanas
  11 gnolls
  5 adders
  An ufetubus (D:6)
  A worm (D:5)
  4 dart slugs
  19 orcs
  4 bats
  10 endoplasms
  7 giant cockroaches
  11 goblins
  10 hobgoblins
  24 kobolds
  A quokka (D:4)
  9 ball pythons
  3 frilled lizards
  2 goblin zombies (D:4)
  4 rats
203 creatures vanquished.

Notes
Turn   | Place    | Note
-------+----------+-------------------------------------------
     0 | D:1      | Mickster the Hill Orc Berserker began the quest for the
                  | Orb.
     0 | D:1      | Reached XP level 1. HP: 19/19 MP: 1/1
   232 | D:1      | Reached XP level 2. HP: 27/27 MP: 2/2
   593 | D:1      | Reached XP level 3. HP: 31/33 MP: 3/3
   844 | D:2      | Reached ** piety under Trog
   848 | D:2      | Identified a scroll of acquirement
   848 | D:2      | Acquired a +4 war axe of electrocution
  1356 | D:2      | Reached skill level 5 in Axes
  1622 | D:2      | Found a basalt altar of Yredelemnul.
  1867 | D:3      | Reached XP level 4. HP: 41/41 MP: 4/4
  2031 | D:3      | Found a faded altar of an unknown god.
  2112 | D:3      | Reached skill level 6 in Axes
  2190 | D:3      | Found Paumemeth's Antique Weapon Emporium.
  2232 | D:3      | Found a white marble altar of Elyvilon.
  2237 | D:3      | Found a shadowy altar of Dithmenos.
  2408 | D:3      | Reached XP level 5. HP: 25/47 MP: 5/5
  2491 | D:4      | Found a sand-covered staircase.
  2542 | D:4      | Noticed a lemure
  2543 | D:4      | Noticed a lemure
  2543 | D:4      | Noticed Pikel
  2545 | D:4      | Noticed a lemure
  2548 | D:4      | Killed a lemure
  2549 | D:4      | Killed a lemure
  2554 | D:4      | Killed Pikel
  2554 | D:4      | Killed a lemure
  2555 | D:4      | Reached skill level 5 in Fighting
  2555 | D:4      | Reached skill level 9 in Axes
  2555 | D:4      | Reached XP level 6. HP: 56/56 MP: 6/6
  2555 | D:4      | Reached XP level 7. HP: 61/61 MP: 7/7
  2568 | D:4      | Reached *** piety under Trog
  2747 | D:4      | Noticed Duvessa
  2747 | D:4      | Noticed Dowan
  2751 | D:4      | Killed Dowan
  2752 | D:4      | Reached skill level 10 in Axes
  2763 | D:4      | Killed Duvessa
  2764 | D:4      | Reached XP level 8. HP: 69/69 MP: 8/8
  3046 | D:4      | Found a runed translucent door.
  3047 | D:4      | Noticed Crazy Yiuf
  3106 | D:4      | Killed Crazy Yiuf
  3140 | D:5      | Entered Level 5 of the Dungeon
  3298 | D:5      | Reached skill level 11 in Axes
  3650 | D:5      | Found a shimmering altar of Xom.
  3655 | D:5      | Found a shimmering altar of Xom.
  3657 | D:5      | Found a shimmering altar of Xom.
  3658 | D:5      | Found a shimmering altar of Xom.
  3660 | D:5      | Found a shimmering altar of Xom.
  3665 | D:5      | Found a shimmering altar of Xom.
  3700 | D:5      | Found a bloodstained altar of Trog.
  3921 | D:5      | Reached skill level 12 in Axes
  4539 | D:6      | Reached XP level 9. HP: 72/78 MP: 9/9
  4895 | D:6      | Reached skill level 13 in Axes
  4946 | D:6      | Found a basalt altar of Yredelemnul.
  5044 | D:6      | Reached skill level 5 in Armour
  5502 | D:6      | Reached skill level 1 in Shapeshifting
  5561 | D:6      | Found a staircase to the Ecumenical Temple.
  5757 | D:7      | Found a hazy altar of Hepliaklqana.
  5943 | D:7      | Reached skill level 14 in Axes
  6156 | D:7      | Reached XP level 10. HP: 85/86 MP: 10/10
  6251 | D:8      | Noticed a gargoyle
  6251 | D:8      | Noticed a skeletal warrior
  6258 | D:8      | Killed a gargoyle
  6267 | D:8      | Killed a skeletal warrior
  6268 | D:8      | Reached skill level 15 in Axes
  6636 | D:8      | Noticed a cyclops
  6645 | D:8      | Killed a cyclops
  6937 | D:8      | Noticed a manticore
  6955 | D:8      | Killed a manticore
  6956 | D:8      | Reached skill level 16 in Axes
  7363 | D:8      | Found an opulent altar of Gozag.
  8069 | D:9      | Found Ostodem's Weapon Boutique.
  8236 | D:9      | Found Jerebloi's Book Emporium.
  8864 | D:9      | Reached XP level 11. HP: 95/95 MP: 11/11
  8865 | D:9      | Noticed a cyan ugly thing
  8865 | D:9      | Noticed a centaur warrior
  8867 | D:9      | Noticed a boulder beetle
  8867 | D:9      | Noticed a cyclops
  8867 | D:9      | Noticed a manticore
  8868 | D:9      | Noticed a centaur warrior
  8875 | D:9      | Killed a cyan ugly thing
  8882 | D:9      | Killed a centaur warrior
  8892 | D:9      | Killed a centaur warrior
  8900 | D:9      | Killed a cyclops
  8908 | D:9      | Killed a boulder beetle
  8909 | D:9      | Reached skill level 17 in Axes
  8914 | D:9      | HP: 3/97 [manticore (3)]
  8914 | D:9      | Slain by a manticore

Illustrated notes

Levels and vault maps discovered:
D:1:      dpeg_arrival_rhombus, layout_basic
D:2:      layout_basic, basic_altar, lightli_corner_chamber
D:3:      layout_rooms, minitemple, serial_shops, nicolae_square_shop,
          chequers_ecumenical_altar_grove, hellmonk_no_cap
D:4:      layout_rooms, enter_ossuary_4, uniq_crazy_yiuf_cottage, uniq_pikel,
          uniq_duvessa
D:5:      layout_basic, xom_redecorated, old_standard_altar,
          reono_crystal_passage, due_unseen_surprise
D:6:      layout_gridville, mainiacjoe_overflow_surrounded_room, temple_hall,
          serial_rivers, chequers_serial_rivers_large_a,
          chequers_serial_rivers_micro_e, chequers_serial_rivers_micro_c,
          chequers_serial_rivers_large_b, item_on_display_a
D:7:      layout_rooms, mainiacjoe_overflow_six_doors_small
D:8:      minmay_tri_box, layout_basic,
          mainiacjoe_overflow_concentric_impassable
D:9:      minmay_the_grid_triangle_9x9_rhombus_thin
          [minmay_the_grid_triangle_9x9_zippers_vertical,
          minmay_the_grid_triangle_9x9_prize_insulated,
          minmay_the_grid_triangle_9x9_negative_grid,
          minmay_the_grid_triangle_9x9_shrine], layout_stronghold,
          okawaru_trees_1, serial_co_window_serial, co_window_of_opportunity_a,
          co_window_corner_a, co_window_corner_a, co_window_corner_a,
          co_window_corner_a, co_window_2corner, co_window_corner_cb,
          co_window_broadway_a, co_window_corner_b, co_window_paths_d,
          glass_columns_b, glass_columns_a, glass_columns_a, serial_shops,
          shop_fountains, nicolae_shop_just_a_little_nook,
          nicolae_shop_pleasant_corner_grove

Skill      XL: |  1  2  3  4  5  6  7  8  9 10 11 |
---------------+----------------------------------+-----
Fighting       | 4 5 6 7 8 9 |  9.1
Axes           | 5 6 9 10 12 14 16 17 | 17.0
Armour         | 3 4 5 7 8 |  8.8
Shapeshifting  | 2 3 4 |  4.2
Dodging        | 2 |  2.0
Stealth        | |  0.8

Action                     |  1- 3 |  4- 6 |  7- 9 | 10-12 || total
---------------------------+-------+-------+-------+-------++-------
  Melee: Hand axe          |    94 |       |       |       ||    94
         War axe           |    33 |    50 |   216 |   127 ||   426
         Punch             |       |       |     4 |     2 ||     6
  Throw: Javelin           |       |       |       |     2 ||     2
 Invoke: Trog's Hand       |       |     1 |     5 |     7 ||    13
         Berserk           |       |     1 |     9 |     7 ||    17
    Use: Scroll            |     5 |     3 |     4 |     2 ||    14
 Armour: Scale mail        |    51 |       |       |       ||    51
         Chain mail        |    21 |    15 |    24 |       ||    60
         Plate armour      |       |       |    66 |    93 ||   159
  Dodge: Dodged            |    71 |    16 |    68 |    31 ||   186

Table legend: (Time is in decaauts)
 A = Elapsed time spent in this place.
 B = Non-inter-level travel time spent in this place.
 C = Inter-level travel time spent in this place.
 D = Time resting spent in this place.
 E = Time spent auto-exploring this place.
 F = Levels seen in this place.
 G = Mean time per level.
                   A        B        C        D        E       F      G
               +--------+--------+--------+--------+--------+-----+--------+
         Total |   9059 |   8699 |    360 |   1594 |   4487 |   9 | 1006.6 |
       Dungeon |   9059 |   8699 |    360 |   1594 |   4487 |   9 | 1006.6 |
               +--------+--------+--------+--------+--------+-----+--------+

Top non-repeatable levels by time:
     D:8: 1779 daAuts
     D:5: 1349 daAuts
     D:6: 1286 daAuts
     D:2: 1049 daAuts
     D:9: 905 daAuts
     D:1: 811 daAuts
     D:4: 718 daAuts
     D:3: 606 daAuts
     D:7: 551 daAuts
